Map: Deathaura LE

Players

Vargavaka - Winner!

  • Race: Protoss Protoss
  • League: Gold
  • Spawn Location: 5:00

rottenorange

  • Race: Zerg Zerg
  • Spawn Location: 11:00

VOD

Have the link to the VOD?

Description

Time

  • Played on: Oct. 7, 2020, 3:42 p.m.
  • Length: 11:22
Show
View Real Time Build Order
Export as new Build Order

Vargavaka Protoss - Winner!

Build Orders: 1 Gate Expand 

Get SALT Encoding   

  12  0:00  Probe  
  13  0:12  Probe  
  14  0:17  Pylon  
  14  0:25  Probe  
  15  0:36  Gateway  
  15  0:40  Probe (Chrono Boost)  
  16  0:46  Assimilator  
  16  0:52  Probe (Chrono Boost)  
  17  0:57  Probe (Chrono Boost)  
  18  1:07  Probe  
  19  1:19  Probe  
  20  1:29  Nexus  
  21  1:39  Cybernetics Core  
  20  1:49  Assimilator  
  20  1:53  Probe  
  21  1:55  Pylon  
  21  2:05  Probe  
  22  2:14  Adept (Chrono Boost)  
  22  2:17  Probe  
  25  2:27  Twilight Council  
  25  2:31  Probe  
  25  2:36  Stalker (Chrono Boost)  
  24  2:44  Warp Gate  
  28  2:46  Probe x2  
  30  2:58  Probe  
  30  2:59  Probe  
  30  3:05  Robotics Facility  
  32  3:12  Probe x2  
  34  3:16  Gateway  
  34  3:27  Probe x2  
  36  3:34  Resonating Glaives (Chrono Boost)  
  36  3:35  Gateway  
  36  3:44  Gateway  
  36  3:47  Gateway  
  36  3:49  Probe  
  36  3:50  Probe  
  36  3:52  Warp Prism (Chrono Boost)  
  40  4:14  Probe x2  
  42  4:18  Pylon  
  42  4:22  Pylon  
  42  4:24  Assimilator x2  
  42  4:33  Probe x2  
  42  4:35  Adept  
  46  4:50  Adept  
  46  4:51  Adept  
  48  5:01  Adept x3  
  54  5:08  Immortal  
  54  5:10  Probe x2  
  60  5:15  Dark Shrine  
  60  5:33  Adept  
  62  5:41  Pylon  
  58  5:44  Pylon  
  58  5:45  Pylon  
  52  6:01  Adept x4  
  52  6:02  Adept  
  58  6:29  Dark Templar  
  58  6:30  Dark Templar x3  
  58  6:34  Probe x2  
  60  6:45  Adept  
  60  6:46  Probe x2  
  64  6:58  Probe  
  65  7:03  Adept x3  
  65  7:07  Immortal (Chrono Boost)  
  61  7:24  Adept x3  
  61  7:25  Adept  
  61  7:28  Probe x2  
  69  7:39  Pylon x2  
  69  7:40  Probe x2, Pylon  
  71  7:47  Dark Templar  
  73  7:52  Probe x2  
  73  7:53  Immortal (Chrono Boost)  
  73  7:57  Pylon  
  77  8:04  Zealot x2, Probe x2  
  77  8:05  Zealot x2  
  71  8:35  Immortal  
  71  8:40  Dark Templar x3  
  77  8:44  Stalker  
  79  8:58  Nexus  
  79  9:03  Forge x2  
  79  9:05  Assimilator  
  79  9:06  Assimilator  
  79  9:07  Pylon x2  
  79  9:08  Gateway, Pylon  
  79  9:11  Gateway  
  79  9:12  Dark Templar x2  
  79  9:13  Dark Templar  
  85  9:30  Immortal (Chrono Boost)  
  83  9:38  Zealot x2  
  87  10:01  Observer (Chrono Boost)  
  84  10:26  Immortal  
  88  10:30  Zealot x5  
  88  10:31  Zealot x2  
  90  10:50  Zealot  
  90  10:51  Zealot x5  
  90  10:52  Zealot  
  86  11:17  Adept x6  
  86  11:18  Adept  
Show
View Real Time Build Order
Export as new Build Order

rottenorange Zerg 

Build Orders: Hatch First 

Get SALT Encoding   

  12  0:00  Drone  
  13  0:13  Overlord  
  13  0:18  Drone  
  14  0:33  Drone x2  
  16  0:45  Drone  
  17  0:55  Hatchery  
  16  0:59  Drone  
  17  1:05  Drone  
  17  1:09  Extractor  
  17  1:23  Drone  
  17  1:24  Drone, Spawning Pool  
  18  1:32  Drone  
  19  1:54  Overlord, Drone  
  20  2:01  Drone  
  21  2:14  Metabolic Boost  
  21  2:16  Zergling x2  
  21  2:21  Queen  
  24  2:23  Queen  
  24  2:24  Drone x2  
  28  2:30  Drone  
  29  2:39  Zergling x2  
  30  2:44  Overlord  
  30  2:45  Drone  
  31  2:55  Drone x3  
  34  2:58  Queen  
  36  3:06  Overlord x2  
  36  3:27  Zergling x4  
  38  3:43  Roach Warren  
  37  3:55  Zergling x6  
  38  3:59  Drone  
  38  4:00  Drone x4  
  45  4:06  Extractor  
  45  4:09  Lair  
  44  4:33  Evolution Chamber, Overlord  
  44  4:34  Evolution Chamber, Overlord  
  44  4:35  Drone x4  
  44  4:36  Drone  
  44  4:38  Roach x2  
  48  5:13  Roach x5  
  48  5:14  Roach x3  
  64  5:16  Zerg Missile Weapons Level 1  
  63  5:29  Roach  
  63  5:30  Roach  
  63  5:34  Overlord  
  61  5:48  Overlord  
  61  5:49  Overlord  
  58  5:52  Overlord x3  
  58  5:53  Roach  
  58  5:54  Roach x3  
  66  6:06  Zerg Ground Armor Level 1  
  63  6:11  Extractor  
  54  6:31  Drone x4  
  58  6:37  Drone x4  
  58  6:38  Drone x2  
  64  6:43  Overseer x2  
  64  6:44  Overseer  
  40  7:06  Roach x2  
  40  7:07  Roach x2  
  33  7:39  Drone x4  
  33  7:40  Drone x3  
  40  8:01  Queen  
  40  8:03  Queen  
  39  8:51  Drone x3  
  39  8:52  Drone x3  
  45  9:14  Drone x4  
  45  9:16  Drone x2  
  51  9:25  Glial Reconstitution  
  46  9:48  Drone x3  
  46  9:51  Spine Crawler  
  48  9:53  Drone x3, Spine Crawler  
  48  9:54  Drone  
  26  11:00  Roach x2  
  26  11:01  Roach  
Tags
 
League
Gold
Matchup
PvZ
Replay Pack
replays
Spawn Locations
Cross Positions
Add a new tag
Caveats
  • Supply blocks, unpowered buildings, or Contaminate may cause inaccurate times.
  • Supply counts are checked every 10 seconds.